 Dungeon Crawl Stone Soup version 0.17.0-24-gcfadda4 (webtiles) character file.

58 oplop the Insei (level 4, -1/28 HPs)
             Began as an Octopode Transmuter on Nov 15, 2015.
             Succumbed to poison (a potion of poison)
             ... on level 2 of the Dungeon.
             The game lasted 00:03:49 (2131 turns).

oplop the Insei (Octopode Transmuter)               Turns: 2131, Time: 00:03:49

Health: -1/28      AC:  1    Str: 15    XL:     4   Next: 1%
Magic:  6/8        EV: 13    Int: 15    God:
Gold:   137        SH:  0    Dex: 12    Spells: 1 memorised, 7 levels left

rFire  . . .     SeeInvis .     a - +1 dagger (venom)
rCold  . . .     Clarity  .     (no shield)
rNeg   . . .     SustAt   .     (helmet restricted)
rPois  .         Gourm    .     (no amulet)
rElec  .         Spirit   .     (no ring)
rCorr  .         Warding  .     (no ring)
rMut   .         Stasis   .     (no ring)
MR     .....                    (no ring)
Stlth  ++........               (no ring)
                                (no ring)
                                (no ring)
                                (no ring)

@: mighty, lethally poisoned (-1 -> -23), not resistant to hostile enchantments,
unstealthy
A: almost no armour, amphibious, 8 rings, constrict 8, camouflage 1, gelatinous
body 1
a: no special abilities


You were on level 2 of the Dungeon.
You were not hungry.

You visited 1 branch of the dungeon, and saw 2 of its levels.

You collected 137 gold pieces.

Inventory:

Hand Weapons
 a - a +1 dagger of venom (weapon)
 b - a +0 blowgun
 i - a +0 whip of flaming
Missiles
 d - 70 stones (quivered)
 o - 29 arrows
 p - 21 poisoned needles
Scrolls
 e - 3 scrolls of fear {unknown}
 h - a scroll of enchant armour {unknown}
 j - 3 scrolls of identify {unknown}
 k - a scroll of immolation {unknown}
 n - 2 scrolls of amnesia {unknown}
Books
 l - a book of Changes

   Spells                             Type                      Level
   a - Beastly Appendage              Transmutation                1
   b - Sticks to Snakes               Transmutation                2
   c - Spider Form                    Transmutation/Poison         3
   d - Ice Form                       Ice/Transmutation            4
   e - Blade Hands                    Transmutation                5
Comestibles
 c - 2 bread rations
 f - a beef jerky
 g - 2 meat rations
 q - 2 chunks of flesh


   Skills:
 - Level 1.0 Fighting
 + Level 3.0 Dodging
 - Level 3.0 Unarmed Combat
 + Level 2.7 Spellcasting
 + Level 2.6 Transmutations


You had 7 spell levels left.
You knew the following spells:

 Your Spells              Type           Power        Failure   Level  Hunger
a - Beastly Appendage     Trmt           ##....       10%         1    #......


Dungeon Overview and Level Annotations

Branches:
Dungeon (2/15)

Altars:


Innate Abilities, Weirdness & Mutations

You cannot wear most types of armour.
You are amphibious.
You can wear up to eight rings at the same time.
You can use your tentacles to constrict eight enemies at once.
Your skin changes colour to match your surroundings (Stealth).
Your rubbery body absorbs attacks (AC +1).


Message History

* * * LOW HITPOINT WARNING * * *
You feel sick.
Drink which item? (? for menu, Esc to quit)
It was a potion of poison.
That liquid tasted very nasty...
You are more poisoned.
* * * LOW HITPOINT WARNING * * *
You feel sick.
There is a lethal amount of poison in your body!
There is a lethal amount of poison in your body!
There is a lethal amount of poison in your body!
There is a lethal amount of poison in your body!
There is a lethal amount of poison in your body!
There is a lethal amount of poison in your body!
* * * LOW HITPOINT WARNING * * *
You feel sick.
* * * LOW HITPOINT WARNING * * *
You feel sick.
* * * LOW HITPOINT WARNING * * *
You feel sick.
You die...

..............# #.#
+##....#####..# #.#
..#....##.##..#### #.#
..#....##........# #.#
..#....##........# #.#
..#....##........# #.#
.....#.........#######
####.#.#.......#..#..#
...#.#.#.......#@.#..#
##...#.'....####'###'####
######.#....# +.....'..#
............# #.....#..#
###..#.##...####.....####
..#..#.##...#.รท#.....#
.....#.#....#..#.....#
#.#.##.#.####'####'####+#
.....#+#.................#


There were no monsters in sight!

Vanquished Creatures
  2 adders (D:2)
  2 oozes (D:1)
  A worm (D:2)
  3 ball pythons (D:2)
  4 hobgoblins
  4 kobolds (D:2)
  2 bats (D:1)
  3 giant newts
  A goblin (D:1)
  2 jackals (D:1)
  5 rats (D:1)
29 creatures vanquished.

Notes
Turn   | Place    | Note
--------------------------------------------------------------
     0 | D:1      | oplop the Octopode Transmuter began the quest for the Orb.
     0 | D:1      | Reached XP level 1. HP: 13/13 MP: 3/3
   339 | D:1      | Reached XP level 2. HP: 13/18 MP: 5/5
  1124 | D:1      | Reached XP level 3. HP: 7/23 MP: 4/6
  2124 | D:2      | Reached XP level 4. HP: 12/28 MP: 6/8
  2130 | D:2      | HP: 1/28 [poison (a potion of poison)]
  2131 | D:2      | Succumbed to poison (a potion of poison)

Action                   |  1- 3 |  4- 6 || total
-------------------------+-------+-------++-------
Melee: Unarmed           |    31 |       ||    31
       Whip              |    22 |       ||    22
       Dagger            |    21 |       ||    21
Throw: Stone             |     3 |       ||     3
 Cast: Beastly Appendage |     5 |       ||     5
  Use: Potion            |     1 |     2 ||     3
 Stab: Sleeping          |     3 |       ||     3
  Eat: Chunk             |     4 |       ||     4
